 Dungeon Crawl Stone Soup version 0.21.1-1-g345015fe64 (webtiles) character file.

7171 Tropan the Cleaver (level 10, -2/76 HPs)
             Began as a Deep Dwarf Earth Elementalist on June 16, 2018.
             Was a Believer of Hepliaklqana.
             Killed by Ozocubu's Refrigeration
             ... invoked by Fannar
              (21 damage)
             ... on level 10 of the Dungeon.
             The game lasted 01:37:59 (8442 turns).

Tropan the Cleaver (Deep Dwarf Earth Elementalist)  Turns: 8442, Time: 01:38:00

Health: -2/76      AC:  8    Str: 11    XL:     10   Next: 86%
Magic:  24/27      EV: 14    Int: 17    God:    Hepliaklqana [**....]
Gold:   570        SH:  3    Dex: 16    Spells: 8/23 levels left

rFire    . . .     SeeInvis +   I - +2 battleaxe
rCold    . . .     Gourm    .   (shield currently unavailable)
rNeg     . . .     Faith    .   k - +1 leather armour
rPois    +         Spirit   .   h - +0 helmet (curse)
rElec    .         Reflect  +   (no cloak)
rCorr    .         Harm     .   f - +2 pair of gloves
MR       +++..                  (no boots)
Stlth    +.........             r - +3 amulet of reflection
HPRegen  0.00/turn              o - ring of poison resistance
MPRegen  0.20/turn              D - ring of the Sybil {MR++ MP+9 Slay+3 SInv Stlth-}

@: non-regenerating
A: damage resistance, heal wounds, reduced essence, sense surroundings 2, no
regeneration
a: Heal Wounds, Recall Ancestor, Ancestor Identity, Renounce Religion


You were on level 10 of the Dungeon.
You worshipped Hepliaklqana.
Hepliaklqana was pleased with you.
You were not hungry.

You visited 2 branches of the dungeon, and saw 11 of its levels.

You collected 570 gold pieces.

Inventory:

Hand Weapons
 j - a +0 hand axe
 u - a +2 whip of freezing
 C - a +0 flail
 I - a +2 battleaxe (weapon)
 O - a +0 great sword of protection
Missiles
 l - 131 arrows
 v - 5 tomahawks (quivered)
 w - 7 javelins
 y - 58 stones
Armour
 a - +0 ice dragon scales
 f - a +2 pair of gloves (worn)
 h - a cursed +0 helmet (worn)
 i - a +0 ring mail
 k - a +1 leather armour (worn)
 N - a +0 shield
Jewellery
 o - a ring of poison resistance (left hand)
 r - a +3 amulet of reflection (around neck)
 A - an uncursed ring of flight
 B - a +3 ring of protection
 D - the ring of the Sybil (right hand) {MR++ MP+9 Slay+3 SInv Stlth-}
   (You found it on level 8 of the Dungeon)

   [ring of magical power]

   It affects your accuracy and damage with ranged weapons and melee attacks
   (+3).
   It affects your resistance to hostile enchantments.
   It affects your magic capacity (+9).
   It lets you see invisible.
   It makes you less stealthy.
 F - a +2 ring of protection
Wands
 c - a wand of disintegration (6)
 p - a wand of paralysis (7)
 x - a wand of flame (55)
 z - a wand of polymorph (6)
 E - a wand of clouds (6)
Scrolls
 b - a scroll of blinking
 s - a scroll of teleportation
 t - a scroll of amnesia
 J - a scroll of fear
 K - 2 scrolls of remove curse
 M - a scroll of fog
Potions
 g - a potion of resistance {unknown}
 m - a potion of brilliance {unknown}
 n - 3 potions of flight
 q - a potion of degeneration
 G - a potion of invisibility
 L - a potion of berserk rage {unknown}
Books
 e - a book of Geomancy

   Spells                             Type                      Level
   a - Sandblast                      Earth                        1
   b - Passwall                       Transmutation/Earth          2
   c - Stone Arrow                    Conjuration/Earth            3
   d - Petrify                        Transmutation/Earth          4
   e - Lee's Rapid Deconstruction     Earth                        5
 H - a book of Conjurations

   Spells                             Type                      Level
   a - Magic Dart                     Conjuration                  1
   b - Searing Ray                    Conjuration                  2
   c - Dazzling Spray                 Conjuration/Hexes            3
   d - Fulminant Prism                Conjuration/Hexes            4
   e - Force Lance                    Conjuration/Translocation    4
   f - Iskenderun's Mystic Blast      Conjuration                  4
Comestibles
 d - 20 rations


   Skills:
 - Level 4.0 Fighting
 * Level 12.4 Axes
 - Level 2.0 Throwing
 - Level 2.0 Armour
 - Level 4.1 Dodging
 - Level 3.0 Stealth
 - Level 7.0 Spellcasting
 + Level 1.2 Conjurations
 - Level 0.8 Transmutations
 - Level 8.1 Earth Magic
 - Level 2.0 Evocations


You had 8 spell levels left.
You knew the following spells:

 Your Spells              Type           Power        Failure   Level  Hunger
a - Sandblast             Erth           ####..       1%          1    None
b - Passwall              Tmut/Erth      ###.......   3%          2    None
c - Stone Arrow           Conj/Erth      ###...       7%          3    ##.....
d - Petrify               Tmut/Erth      ###.....     24%         4    ####...
e - Lee's Rapid Deconstr  Erth           ####......   14%         5    #####..


Dungeon Overview and Level Annotations

Branches:
Dungeon (10/15)            Temple (0/1) D:7            Lair (1/6) D:8
    Orc: D:9-12

Altars:
Elyvilon
Fedhas
Gozag
Hepliaklqana
Kikubaaqudgha
Okawaru
Sif Muna
Uskayaw
Vehumet
Xom

Shops:
D:9 [

Annotations:
D:10 Fannar
Lair:1 exclusion: oklob plant


Innate Abilities, Weirdness & Mutations

You are resistant to damage.
You can heal yourself by infusing magical energy.
You passively map the area around you.
You do not regenerate.
Your life essence is reduced to manifest your ancestor. (-10% HP)


Message History

a halberd; a plate armour You now have 570 gold pieces (gained 16).
Found a scale mail.
Fannar the Cold-Hearted comes into view.
He is wielding a quarterstaff of freezing.
Fannar casts a spell.
Fannar drains the heat from the surrounding environment!
You feel very cold.
* * * LOW HITPOINT WARNING * * *
Fannar is frozen.
Fannar resists.
Fannar is lightly wounded.
Found a potion of flight.
You see here 16 stones.
Aiming: Throw Flame
Press: ? - help, Shift-Dir - straight line, f - Fannar
Aim: Fannar, wielding a quarterstaff of freezing, wearing a robe of cold resistance and wearing a ring of ice (lightly wounded, covered in an icy film)
The puff of flame misses Fannar.
Fannar mumbles some strange words.
Fannar drains the heat from the surrounding environment!
You feel very cold.
You die...

######.....####>..#
###.....))..##
##.....)...# *
#..##...#..## **,*
##.###...###)##
###.###...## ##.#
*, #####..###..#..#
##.
#.!#..^.R.##..###.#
#. #..e:..@.....#
.# ##
#..[........## .# #
##..######### .# #
#. * .#* ### # ,, *
..###.. * * * .....
* ** ##### #


You could see the friendly Amenemopet the knight and Fannar.

Vanquished Creatures
  Urug (D:10)
  Pikel (D:5)
  A mana viper (D:7)
  A troll (D:9)
  2 hippogriffs (D:8)
  A hog (D:7)
  A basilisk (D:7)
  3 yaks
  2 hungry ghosts
  A human (D:7)
  2 sky beasts
  4 ice beasts
  An orc warrior (D:8)
  A phantom (D:4)
  A black bear (D:10)
  4 ogres
  A wolf (D:8)
  A centaur (D:8)
  2 bullfrogs
  A gnoll sergeant (D:8)
  3 scorpions
  A bullfrog zombie (D:9)
  4 crimson imps
  A bullfrog skeleton (D:6)
  A hound (D:9)
  3 orc priests
  7 orc wizards
  An iguana (D:8)
  Ijyb (D:5)
  6 worker ants
  A hound zombie (D:6)
  Robin (D:2)
  5 gnolls (D:8)
  10 adders
  3 shadow imps
  An ooze (D:2)
  An adder skeleton (D:6)
  An adder zombie (D:5)
  3 worms
  2 dart slugs
  5 leopard geckos
  22 orcs
  4 bats
  10 giant cockroaches
  6 hobgoblins
  2 jackals
  4 quokkas
  2 ball pythons
  3 frilled lizards
  18 goblins
  10 kobolds
  A quokka zombie (D:6)
  2 rats
177 creatures vanquished.

Vanquished Creatures (collateral kills)
  An elephant (D:8)
  2 yaks (D:9)
  A basilisk (D:8)
  An orc warrior (D:10)
  A slave (D:5)
  A sky beast (D:6)
  2 ogres
  A scorpion (D:4)
  A quasit (D:8)
  2 worker ants
  A hound skeleton (D:5)
  2 worker ant zombies
  3 adders
  An adder zombie (D:8)
  2 adder skeletons
  6 orcs
  3 jackals
  A goblin (D:9)
32 creatures vanquished.

Vanquished Creatures (others)
  An orc wizard (D:4)
  3 ancestors
4 creatures vanquished.

Grand Total: 213 creatures vanquished

Notes
Turn   | Place    | Note
-------+----------+-------------------------------------------
     0 | D:1      | Tropan the Deep Dwarf Earth Elementalist began the quest for the Orb.
     0 | D:1      | Reached XP level 1. HP: 15/15 MP: 3/3
   291 | D:1      | Reached XP level 2. HP: 22/22 MP: 0/5
   414 | D:1      | Learned a level 2 spell: Passwall
   993 | D:2      | Found a white marble altar of Elyvilon.
  1083 | D:2      | Reached XP level 3. HP: 26/28 MP: 4/6
  1235 | D:2      | Reached skill level 5 in Earth Magic
  1321 | D:2      | Reached skill level 1 in Armour
  1321 | D:2      | Reached XP level 4. HP: 16/37 MP: 4/7
  1407 | D:2      | Noticed Robin
  1505 | D:2      | Killed Robin
  1999 | D:2      | Learned a level 3 spell: Stone Arrow
  2004 | D:2      | Reached XP level 5. HP: 40/43 MP: 7/9
  2182 | D:3      | Found a deep blue altar of Sif Muna.
  2247 | D:3      | Reached skill level 1 in Fighting
  2257 | D:3      | Reached skill level 1 in Throwing
  2322 | D:3      | Found a shimmering altar of Xom.
  2570 | D:4      | Reached skill level 1 in Axes
  2586 | D:4      | Noticed an ogre
  2694 | D:4      | Killed an ogre
  2694 | D:4      | Reached skill level 2 in Axes
  2694 | D:4      | Reached XP level 6. HP: 42/51 MP: 5/11
  3009 | D:4      | Reached skill level 3 in Axes
  3009 | D:4      | Reached XP level 7. HP: 39/57 MP: 1/13
  3226 | D:4      | Found a hazy altar of Hepliaklqana.
  3238 | D:4      | Became a worshipper of Hepliaklqana the Forgotten
  3616 | D:4      | Reached skill level 5 in Spellcasting
  3825 | D:5      | Entered Level 5 of the Dungeon
  3873 | D:5      | Noticed Ijyb
  3879 | D:5      | Killed Ijyb
  3879 | D:5      | Reached skill level 4 in Axes
  4081 | D:4      | Reached XP level 8. HP: 21/60 MP: 15/15
  4373 | D:5      | Noticed Pikel
  4390 | D:5      | Killed Pikel
  4390 | D:5      | Reached skill level 5 in Axes
  4710 | D:6      | Reached skill level 6 in Axes
  4807 | D:6      | Gained mutation: You passively map the area around you. [Deep Dwarf growth]
  4807 | D:6      | Reached XP level 9. HP: 62/66 MP: 1/16
  5019 | D:6      | Reached * piety under Hepliaklqana
  5044 | D:6      | Reached skill level 7 in Axes
  5704 | D:6      | Learned a level 2 spell: Passwall
  5709 | D:6      | Learned a level 4 spell: Petrify
  5715 | D:6      | Learned a level 5 spell: Lee's Rapid Deconstruction
  5791 | D:7      | Found a staircase to the Ecumenical Temple.
  5881 | D:7      | Found a blossoming altar of Fedhas.
  5884 | D:7      | Found a hide-covered altar of Uskayaw.
  5887 | D:7      | Found a radiant altar of Vehumet.
  5890 | D:7      | Found an ancient bone altar of Kikubaaqudgha.
  5961 | D:7      | Found a flagged portal.
  5999 | D:7      | Found a hazy altar of Hepliaklqana.
  6350 | D:7      | Noticed a mana viper
  6350 | D:7      | a yak changed into a mana viper
  6356 | D:7      | Killed a mana viper
  6489 | D:7      | Reached skill level 8 in Axes
  6489 | D:7      | Reached skill level 1 in Evocations
  6601 | D:7      | Reached ** piety under Hepliaklqana
  6622 | D:7      | Remembered your ancestor Amenemopet as a knight
  6662 | D:8      | Noticed an elephant
  6663 | D:8      | Found a staircase to the Lair.
  6719 | D:8      | Killed an elephant
  6719 | D:8      | Reached XP level 10. HP: 24/76 MP: 8/18
  6974 | D:8      | Reached skill level 9 in Axes
  7405 | D:8      | Reached skill level 10 in Axes
  7540 | D:8      | Got a pitted tin ring
  7544 | D:8      | Identified the ring of the Sybil {MR++ MP+9 Slay+3 SInv Stlth-} (You found it on level 8 of the Dungeon)
  7684 | Lair:1   | Entered Level 1 of the Lair of Beasts
  7684 | Lair:1   | Noticed an oklob plant
  7967 | D:9      | Reached skill level 11 in Axes
  8041 | D:9      | Found Geudghiyf's Armour Shop.
  8173 | D:9      | Found an iron altar of Okawaru.
  8244 | D:10     | Entered Level 10 of the Dungeon
  8251 | D:10     | Reached skill level 1 in Conjurations
  8306 | D:10     | Noticed Urug
  8327 | D:10     | Killed Urug
  8327 | D:10     | Reached skill level 12 in Axes
  8360 | D:10     | Found an opulent altar of Gozag.
  8439 | D:10     | Noticed Fannar
  8442 | D:10     | Killed from afar by Fannar

Skill      XL: |  1  2  3  4  5  6  7  8  9 10 |
---------------+-------------------------------+-----
Spellcasting   | 2 3 4 5 6 7 |  7.0
Earth Magic    | 5 6 7 8 |  8.1
Armour         | 1 2 |  2.0
Fighting       | 1 2 3 4 |  4.0
Throwing       | 1 2 |  2.0
Axes           | 2 3 4 6 8 12 | 12.4
Dodging        | 3 4 |  4.1
Stealth        | 3 |  3.0
Evocations     | 1 2 |  2.0
Conjurations   | 1 |  1.2
Transmutations | |  0.8

Action                   |  1- 3 |  4- 6 |  7- 9 | 10-12 || total
-------------------------+-------+-------+-------+-------++-------
Melee: Mace              |    60 |    39 |       |       ||    99
       Hand axe          |       |    56 |   106 |       ||   162
       Battleaxe         |       |       |    19 |    34 ||    53
Throw: Stone             |    22 |    49 |    14 |       ||    85
       Tomahawk          |       |       |     8 |    26 ||    34
       Throwing net      |       |       |     1 |       ||     1
 Cast: Sandblast         |    29 |    39 |    63 |    57 ||   188
       Stone Arrow       |       |    13 |    56 |    21 ||    90
       Lee's Rapid Decon |       |       |       |     1 ||     1
Invok: Ancestor Life: Kn |       |       |     1 |       ||     1
 Abil: Heal Wounds       |       |     3 |     4 |     6 ||    13
Evoke: Wand              |       |       |    10 |     7 ||    17
  Use: Scroll            |     4 |     2 |     7 |     4 ||    17
       Potion            |     1 |     5 |     9 |     3 ||    18
 Stab: Sleeping          |     1 |     1 |       |       ||     2
       Distracted        |       |       |     2 |       ||     2
  Eat: Ration            |     1 |     1 |     4 |     2 ||     8
       Chunk             |       |     5 |       |     1 ||     6
Armor: Robe              |     2 |       |       |       ||     2
       Leather armour    |    13 |    32 |    57 |    27 ||   129
Dodge: Dodged            |    49 |    92 |   117 |    54 ||   312
Block: Other             |       |     5 |    22 |    13 ||    40
       Reflection        |       |       |       |     1 ||     1
